 Dungeon Crawl Stone Soup version 0.25-a0-577-ga4619f4 (webtiles) character file.

Game seed: 3489907366029390947, levelgen mode: deterministic

165 15 the Skirmisher (level 5, -2/42 HPs)
             Began as a Formicid Abyssal Knight on Mar 1, 2020.
             Was a Believer of Lugonu.
             Slain by an ogre
             ... wielding a +0 giant spiked club
              (7 damage)
             ... on level 4 of the Dungeon on Mar 2, 2020.
             The game lasted 00:08:35 (2822 turns).

15 the Skirmisher (Formicid Abyssal Knight)         Turns: 2822, Time: 00:08:37

Health: -2/42      AC:  9    Str: 16 (17) XL:     5   Next: 75%
Magic:  7/7        EV:  7    Int: 11 (12) God:    Lugonu [**....]
Gold:   179        SH:  0    Dex:  9 (10) Spells: 7/7 levels left

rFire    . . .     SeeInvis +   a - +1 hand axe
rCold    . . .     Gourm    .   (no shield)
rNeg     + . .     Faith    .   r - +0 chain mail {rN+}
rPois    .         Spirit   .   (helmet unavailable)
rElec    .         Reflect  .   (no cloak)
rCorr    .         Harm     .   (no gloves)
MR       .....                  (no boots)
Stlth    ..........             (no amulet)
HPRegen  0.14/turn              (no ring)
MPRegen  0.10/turn              (no ring)

@: brilliant
A: permanent stasis, dig shafts and tunnels, four strong arms, antennae 3
a: Dig, Shaft Self, Depart the Abyss, Bend Space, Renounce Religion


You were on level 4 of the Dungeon.
You worshipped Lugonu.
Lugonu was pleased with you.
You were hungry.

You visited 1 branch of the dungeon, and saw 4 of its levels.
You visited the Abyss 1 time.

You collected 179 gold pieces.

Inventory:

Hand Weapons
 a - a +1 hand axe (weapon)
Armour
 b - a +0 leather armour
 d - a +0 ring mail
 n - a +0 buckler
 r - a +0 chain mail of positive energy (worn)
Jewellery
 p - a cursed ring of teleportation {unknown}
Wands
 m - a wand of flame (14)
Scrolls
 i - a scroll of enchant weapon {unknown}
 l - a scroll of enchant armour {unknown}
 s - a scroll of fear
Potions
 f - a potion of cancellation {unknown}
Comestibles
 c - 7 rations
 q - a chunk of flesh


   Skills:
 * Level 3.8 Fighting
 + Level 3.1 Axes
 * Level 3.3 Armour
 + Level 1.5 Dodging
 * Level 1.9 Spellcasting
 * Level 3.1 Invocations


You had 7 spell levels left.
You didn't know any spells.
Your spell library was empty.

Dungeon Overview and Level Annotations

Branches:
Dungeon (4/15)             Temple (0/1) D:4

Altars:
Elyvilon
Fedhas
Sif Muna


Innate Abilities, Weirdness & Mutations

You cannot be hasted, slowed, berserked, paralysed or teleported.
You can dig through walls and to a lower floor.
Your four strong arms can wield two-handed weapons with a shield.
You have a pair of large antennae on your head. (SInv)


Message History

You barely miss the ogre.
The ogre is heavily wounded.
The ogre barely misses you.
You completely miss the ogre.
The ogre is heavily wounded.
The ogre hits you with a +0 giant spiked club!
* * * LOW HITPOINT WARNING * * *
You hit the ogre.
The ogre is severely wounded.
The ogre hits you but does no damage.
You hit the ogre but do no damage.
The ogre is severely wounded.
You are feeling hungry.
You barely miss the ogre.
The ogre is severely wounded.
You feel less wooden.
Your +0 chain mail of positive energy unmelds from your body.
You feel more protected from negative energy.
The ogre hits you with a +0 giant spiked club!
You die...

####### #...#..
#.#.#.# #...#.#
#...#.# #.#...#.#
#.##.#.@O#?########
#.##.#.............
#.##.#..##.########
#.##..............
#.##.##.###.......
#.##......'.......
#.##...####.......
#.##......###.....
#.......#.# .###.


You could see an ogre.

Vanquished Creatures
  An orc priest (D:4)
  Terence (D:2)
  3 adders
  An ooze (D:1)
  3 worms
  2 dart slugs (D:2)
  3 orcs (D:4)
  A ball python (D:2)
  3 giant cockroaches
  5 goblins (D:2)
  7 hobgoblins
  5 jackals
  2 quokkas
  10 bats
  10 frilled lizards
  4 kobolds
  A leopard gecko skeleton (D:4)
  9 rats
71 creatures vanquished.

Notes
Turn   | Place    | Note
-------+----------+-------------------------------------------
     0 | Abyss:1  | 15 the Formicid Abyssal Knight began the quest for the Orb.
     0 | Abyss:1  | Reached XP level 1. HP: 18/18 MP: 2/2
    51 | Abyss:1  | Noticed a ynoxinul
    52 | D:1      | Escaped the Abyss
   180 | D:1      | Reached skill level 1 in Dodging
   261 | D:1      | Reached * piety under Lugonu
   261 | D:1      | Reached XP level 2. HP: 24/24 MP: 3/3
   532 | D:1      | Reached skill level 1 in Spellcasting
   625 | D:1      | Reached XP level 3. HP: 29/29 MP: 4/4
   715 | D:1      | Upgraded the game from 0.25-a0-576-g50b708a to
                  | 0.25-a0-577-ga4619f4
  1362 | D:2      | Noticed Terence
  1376 | D:2      | Killed Terence
  1376 | D:2      | Reached XP level 4. HP: 29/36 MP: 6/6
  1505 | D:2      | Reached ** piety under Lugonu
  2182 | D:3      | Reached XP level 5. HP: 35/42 MP: 7/7
  2406 | D:3      | Found a blossoming altar of Fedhas.
  2406 | D:3      | Found a white marble altar of Elyvilon.
  2407 | D:3      | Found a shimmering blue altar of Sif Muna.
  2715 | D:4      | Found a staircase to the Ecumenical Temple.
  2798 | D:4      | Noticed an ogre
  2822 | D:4      | Slain by an ogre

Levels and vault maps discovered:
D:1:      heliophobic_arrival_dark_side_of_the_moon, layout_basic
D:2:      layout_basic, serial_glass, glass_columns_b, glass_columns_b,
          uniq_terence
D:3:      layout_rooms, grunt_temple_overflow_open, first_ration
D:4:      layout_basic, nicolae_overflow_crystal_walls, temple_pool_b

Skill      XL: |  1  2  3  4  5 |
---------------+----------------+-----
Dodging        | 1 |  1.5
Spellcasting   | 1 |  1.9
Invocations    | 3 |  3.1
Armour         | 3 |  3.3
Axes           | 3 |  3.1
Fighting       | |  3.8

Action                   |  1- 3 |  4- 6 || total
-------------------------+-------+-------++-------
Melee: Hand axe          |   119 |   147 ||   266
Invok: Depart the Abyss  |     1 |       ||     1
  Use: Scroll            |       |     4 ||     4
       Potion            |       |     8 ||     8
  Eat: Chunk             |     2 |     4 ||     6
Armor: Ring mail         |    37 |    53 ||    90
       Chain mail        |       |     8 ||     8
       Skin              |       |     1 ||     1
Dodge: Dodged            |    88 |    92 ||   180

Table legend:
 A = Non-vault XP
 B = Vault XP
 C = Vault XP percentage of total XP
 D = Non-vault monster count
 E = Vault monster count
 F = Vault count percentage of total count
                 A         B        C        D         E       F
            +---------+---------+-------+---------+---------+-------
      Total |     201 |      36 |  15.2 |      70 |       1 |   1.4
            +---------+---------+-------+---------+---------+-------
        D:1 |      37 |       0 |   0.0 |      23 |       0 |   0.0
        D:2 |      51 |      36 |  41.4 |      22 |       1 |   4.3
        D:3 |      52 |       0 |   0.0 |      16 |       0 |   0.0
        D:4 |      61 |       0 |   0.0 |       9 |       0 |   0.0
            +---------+---------+-------+---------+---------+-------
